 Dungeon Crawl Stone Soup version 0.29.1-1-gd02db6906a (webtiles) character file.

Game seed: 393043364705466438

48 Cataphract the Poker (level 4, -1/35 HPs)
             Began as a Human Monk on Sept 28, 2022.
             Slain by an adder (3 damage)
             ... on level 3 of the Dungeon.
             The game lasted 00:17:18 (1672 turns).

Cataphract the Poker (Human Monk)                   Turns: 1672, Time: 00:17:19

Health: -1/35      AC:  2    Str: 17    XL:     4   Next: 0%
Magic:  4/4        EV: 13    Int: 12    God:
Gold:   53         SH:  0    Dex: 16    Spells: 3/3 levels left

rFire   . . .      SeeInvis .   a - +0 spear
rCold   . . .      Faith    .   (no shield)
rNeg    . . .      Spirit   .   b - +0 robe
rPois   .          Reflect  .   (no helmet)
rElec   .          Harm     .   (no cloak)
rCorr   .          Rampage  .   (no gloves)
Will    .....                   (no boots)
Stlth   ++........              (no amulet)
HPRegen 0.11/turn               d - +6 ring of strength
MPRegen 0.09/turn               o - ring of wizardry

@: no status effects
A: no striking features
a: no special abilities


You were on level 3 of the Dungeon.
You visited 1 branch of the dungeon, and saw 3 of its levels.

You collected 75 gold pieces.
You spent 22 gold pieces at shops.

Inventory:

Hand Weapons
 a - a +0 spear (weapon)
 e - a +0 rapier
 s - a +0 spear
Missiles
 p - 6 poisoned darts (quivered)
 u - 3 stones
Armour
 b - a +0 robe (worn)
 f - a +0 robe
 g - a +0 robe
 j - a +0 scale mail
Jewellery
 d - a +6 ring of strength (left hand)
 k - a ring of protection from cold
 o - a ring of wizardry (right hand)
Wands
 t - a wand of digging (7)
Scrolls
 h - a scroll of teleportation {unknown}
 i - a scroll of immolation {unknown}
 l - a scroll of enchant weapon {unknown}
 n - a scroll of identify
 q - a scroll of amnesia {unknown}
Potions
 c - 2 potions of lignification {unknown}
 m - a potion of haste {unknown}
 r - a potion of brilliance {unknown}


   Skills:
 + Level 3.4 Fighting
 + Level 3.6 Polearms
 + Level 3.5 Dodging
 + Level 2.3 Stealth


You had 3 spell levels left.
You didn't know any spells.
Your spell library was empty.

Dungeon Overview and Level Annotations

Branches:
Dungeon (3/15)

Altars:
Makhleb

Shops:
D:2 *

Annotations:
D:3 Natasha


Message History

The giant cockroach misses you.
Found a dagger.
The goblin misses you.
The giant cockroach attacks as you move away!
The giant cockroach closely misses you. The goblin attacks as you move away!
The goblin hits you with a +0 club.
* * * LOW HITPOINT WARNING * * *
The giant cockroach closely misses you.
You see here a scroll labelled GOTYEQ RAGRU.
The giant cockroach attacks as you move away!
The giant cockroach barely misses you.
There is a stone staircase leading up here.
The giant cockroach attacks as you move away!
The giant cockroach barely misses you. The giant cockroach bites you.
* * * LOW HITPOINT WARNING * * *
Natasha, Servant of Life and Death comes into view.
Found a hand axe.
The giant cockroach closely misses you.
Natasha hisses angrily.
The giant cockroach attacks as you move away!
The giant cockroach completely misses you.
The giant cockroach waves its antennae.
The giant cockroach bites you.
* * * LOW HITPOINT WARNING * * *
Found a sapphire ring.
The giant cockroach attacks as you move away!
The giant cockroach closely misses you.
The giant cockroach attacks as you move away!
The giant cockroach bites you but does no damage.
The giant cockroach attacks as you move away!
The giant cockroach closely misses you.
You see here a +0 hand axe.
An adder comes into view.
The adder hisses angrily.
The giant cockroach barely misses you. The adder bites you but does no damage.
The adder attacks as you move away! The adder barely misses you.
You see here a ring of protection from cold.
k - a ring of protection from cold The adder bites you.
You die...

# ##.###..... #
....##.##.# # #
###..##?# .. # #.
#..##<# # # ###.###
#..##.# # ###......
##..##.# .
......#.######...##.##..
#....SBg)hh..#....)..#
#...#@####.#......##.#
#.##.# #.....#
#.###..### #
#####.##.####..### #.#
#..# ##....(........ #.#
#..# ##.<.......... #.#
#..# ......##.####. #.#
#... .........## # #.#.#
#.#.. ##..#.....# #.#
###++ ##........# #.#


You could see a black bear, Natasha, an adder, a giant cockroach and a goblin.

Vanquished Creatures
  An adder (D:2)
  A worm (D:3)
  A dart slug (D:2)
  An endoplasm (D:1)
  3 giant cockroaches (D:2)
  6 goblins (D:2)
  3 hobgoblins (D:2)
  2 jackals (D:3)
  A ball python (D:1)
  3 bats
  4 frilled lizards
  8 rats
34 creatures vanquished.

Vanquished Creatures (others)
  2 fungi (D:2)
  10 plants (D:2)
12 creatures vanquished.

Grand Total: 46 creatures vanquished

Notes
Turn   | Place    | Note
-------+----------+-------------------------------------------
     0 | D:1      | Cataphract the Human Monk began the quest for the Orb.
     0 | D:1      | Reached XP level 1. HP: 18/18 MP: 1/1
   432 | D:1      | Reached XP level 2. HP: 21/24 MP: 2/2
   621 | D:2      | Reached XP level 3. HP: 29/29 MP: 3/3
   754 | D:2      | Found Zaeficw's General Store.
   778 | D:2      | Bought a scroll of identify for 22 gold pieces
   793 | D:2      | Found a burning altar of Makhleb.
  1634 | D:3      | Noticed a black bear
  1645 | D:3      | Reached XP level 4. HP: 16/35 MP: 4/4
  1654 | D:3      | HP: 1/35 [goblin/+0 club (1)]
  1659 | D:3      | HP: 1/35 [giant cockroach (1)]
  1660 | D:3      | Noticed Natasha
  1664 | D:3      | HP: 1/35 [giant cockroach (1)]
  1672 | D:3      | Slain by an adder

Illustrated notes

Levels and vault maps discovered:
D:1:      erik_arrival_blinker_ship, layout_basic,
          amcnicky_mini_corridor_feature, minmay_misc_feat_doors,
          minmay_liquid_box, kennysheep_boxes
D:2:      minmay_spotlight, layout_basic,
          dreamdust_ecumenical_altar_hidden_monk_grotto, basic_altar,
          serial_shops, nicolae_diamond_shop, serial_bayou_pond_c,
          serial_bayou_crossing
D:3:      layout_loops_ring, mainiacjoe_overflow_alcove_4, uniq_natasha

Action                   |  1- 3 |  4- 6 || total
-------------------------+-------+-------++-------
Melee: Spear             |   142 |       ||   142
       Punch             |     2 |       ||     2
  Use: Potion            |     3 |       ||     3
       Scroll            |     1 |       ||     1
 Stab: Sleeping          |     2 |       ||     2
Armor: Robe              |    31 |     2 ||    33
Dodge: Dodged            |    98 |    14 ||   112
